 Dungeon Crawl Stone Soup version 0.18-a0-750-g37044d6 (webtiles) character file.

205584 Duffy the Executioner (level 18, -4/121 HPs)
             Began as a Minotaur Berserker on Dec 12, 2015.
             Was the Champion of Trog.
             Killed by a magical explosion (125 damage)
             ... in a wizard's laboratory.
             The game lasted 01:09:14 (43188 turns).

Duffy the Executioner (Minotaur Berserker)         Turns: 43188, Time: 01:09:14

Health: -4/121     AC: 37    Str: 22      XL:     18   Next: 42%
Magic:  6/6        EV: 14    Int:  0      God:    Trog [******]
Gold:   649        SH:  0    Dex: 15 (17) Spells: 0 memorised, 17 levels left

rFire  + . .     SeeInvis .     a - +9 executioner's axe (antimagic)
rCold  . . .     Clarity  .     y - +9 plate armour "Bodar" {rN+ rCorr Dex+4}
rNeg   + . .     SustAt   .     (shield currently unavailable)
rPois  .         Gourm    .     (helmet restricted)
rElec  +         Spirit   .     B - +2 cloak
rCorr  +         Dismiss  .     S - +2 pair of gloves {Dex+3}
rMut   .         Stasis   +     u - +0 pair of boots of Pride {Regen+ MP+9}
MR     ++...                    t - amulet of stasis
Stlth  ..........               P - +3 ring of slaying
                                Y - ring of protection from fire

@: lethally poisoned (-4 -> -81), impossibly contaminated, slowed, lost
intelligence, glowing, drained, very slow, very resistant to hostile
enchantments, extremely unstealthy
A: retaliatory headbutt, horns 2, iridescent scales 1, molten scales 1, rugged
brown scales 1, berserk 2, blurry vision 3, clumsy 2, deformed body,
deterioration 2, dopey 2, frail 3, low mp 3, magic resistance 1, screaming 3,
shaggy fur 1, electricity resistance, teleportitis 3, weak 2, no device heal 1,
subdued magic 3, MP-powered wands
a: Berserk, Trog's Hand, Brothers in Arms, Burn Spellbooks, Renounce Religion


You were in a wizard's laboratory.
You worshipped Trog.
Trog was exalted by your worship.
You were completely stuffed.

You visited 5 branches of the dungeon, and saw 34 of its levels.
You also visited: Labyrinth, Sewer, Ossuary, Ice Cave, Volcano and Wizlab.

You collected 3739 gold pieces.
You spent 3090 gold pieces at shops.


Innate Abilities, Weirdness & Mutations

You reflexively headbutt those who attack you in melee.
You have a pair of horns on your head.
You are partially covered in iridescent scales (AC +4).
You are partially covered in molten scales (AC +1).
You are partially covered in rugged brown scales (AC +1, +3% HP).
You often lose your temper in combat.
Scrolls take you much longer to read.
You are very clumsy. (Dex -4)
Armour fits poorly on your strangely shaped body.
Your body often deteriorates upon taking damage.
You are very dopey. (Int -4)
You are extremely frail (-30% HP).
Your magical capacity is extremely low (-30% MP).
You are resistant to hostile enchantments.
You frequently scream uncontrollably at your foes.
You are covered in fur (AC +1).
You are resistant to electric shocks.
You are often teleported next to monsters.
You are very weak. (Str -4)
Potions and wands are less effective at restoring your health.
Your spells are much easier to cast, but much less powerful.
You expend magic power (3 MP) to strengthen your wands.


   Skills:
 + Level 16.0(15.7) Fighting
 - Level 26.0(25.6) Axes
 + Level 15.8(15.4) Armour
 + Level 14.7(14.4) Dodging


You had 17 spell levels left.
You didn't know any spells.

Inventory:

Hand Weapons
 a - a +9 antimagic executioner's axe (weapon)
Missiles
 A - 5 throwing nets (quivered)
Armour
 u - the +0 pair of boots of Pride (worn) {Regen+ MP+9}

   It affects your magic capacity (+9).
   It increases your rate of regeneration.
 y - the +9 plate armour "Bodar" (worn) {rN+ rCorr Dex+4}

   It affects your dexterity (+4).
   It protects you from negative energy.
   It protects you from acid and corrosion.
 B - a +2 cloak (worn)
 S - a +2 pair of gloves of dexterity (worn)
Rods
 D - a +4 rod of inaccuracy (11/11)
 M - a +8 rod of clouds (14/14)
Jewellery
 j - an uncursed ring of sustain attributes
 n - an uncursed ring of teleportation
 q - an uncursed amulet of clarity
 t - an amulet of stasis (around neck)
 x - an uncursed ring of positive energy
 E - an uncursed amulet of regeneration
 H - an uncursed ring of see invisible
 P - a +3 ring of slaying (right hand)
 W - an uncursed ring of flight
 Y - a ring of protection from fire (left hand)
 Z - an uncursed ring of poison resistance
Wands
 g - a wand of fire (9)
 o - a wand of invisibility (3)
 O - a wand of digging (14)
 V - a wand of disintegration (10)
 X - a wand of cold (4)
Scrolls
 b - 2 scrolls of immolation
 e - 16 scrolls of teleportation
 f - 5 scrolls of summoning
 h - a scroll of holy word
 i - a scroll of identify
 m - 8 scrolls of fog
 p - 17 scrolls of remove curse
 r - 5 scrolls of fear
 v - 4 scrolls of enchant armour
 w - 5 scrolls of blinking
 C - 7 scrolls of recharging
 L - a scroll of enchant weapon
 U - 2 scrolls of magic mapping
Potions
 d - 6 potions of haste
 l - a potion of agility
 z - 2 potions of resistance
 F - 8 potions of curing
 G - 4 potions of heal wounds
 J - a potion of cancellation
 K - 4 potions of might
 N - 3 potions of magic
 Q - 3 potions of cure mutation
 R - 2 potions of flight
 T - 2 potions of beneficial mutation
Comestibles
 c - 10 bread rations
 k - 48 fruits
 s - 10 meat rations

Dungeon Overview and Level Annotations

Branches:
Dungeon (15/15)            Temple (0/1) D:4            Lair (8/8) D:11
 Shoals (0/4) Lair:6        Snake (4/4) Lair:3        Slime (0/6) Lair:8
    Orc (4/4) D:12            Elf (3/3) Orc:4        Vaults (0/5) D:13
 Depths: D:15

Altars:
Ashenzari
Cheibriados
Gozag
Makhleb
Nemelex Xobeh
Okawaru
Pakellas
Ru
Xom
Zin
Beogh
Jiyva

Shops:
D:6 ![   D:14 (   Orc:4 ?}[([   Elf:1 =

Portals:
Hell: Lair:8

Annotations:
Lair:7 exclusion: 3 oklob plants


Message History

You are engulfed in mutagenic fog.
The mutagenic energy flows into you.
You are engulfed in mutagenic fog.
The mutagenic energy flows into you.
You are engulfed in mutagenic fog.
The mutagenic energy flows into you.
You are engulfed in mutagenic fog.
The mutagenic energy flows into you.
You are engulfed in mutagenic fog.
The mutagenic energy flows into you.
You are engulfed in mutagenic fog.
The mutagenic energy flows into you.
You are engulfed in mutagenic fog.
The mutagenic energy flows into you.
You feel more contaminated with magical energies.
You are engulfed in mutagenic fog.
The mutagenic energy flows into you.
You are engulfed in mutagenic fog.
The mutagenic energy flows into you.
You are engulfed in mutagenic fog.
The mutagenic energy flows into you.
You are engulfed in mutagenic fog.
The mutagenic energy flows into you.
You are engulfed in mutagenic fog.
The mutagenic energy flows into you.
You are engulfed in mutagenic fog.
The mutagenic energy flows into you.
You are engulfed in mutagenic fog.
The mutagenic energy flows into you.
You are engulfed in mutagenic fog.
The mutagenic energy flows into you.
You are engulfed in mutagenic fog.
The mutagenic energy flows into you.
You are engulfed in mutagenic fog.
The mutagenic energy flows into you.
You are engulfed in mutagenic fog.
The mutagenic energy flows into you.
You feel more contaminated with magical energies.
You are engulfed in mutagenic fog.
The mutagenic energy flows into you.
You are engulfed in mutagenic fog.
The mutagenic energy flows into you.
You are engulfed in mutagenic fog.
The mutagenic energy flows into you.
You are engulfed in mutagenic fog.
The mutagenic energy flows into you.
You are engulfed in mutagenic fog.
The mutagenic energy flows into you.
You are engulfed in mutagenic fog.
The mutagenic energy flows into you.
You are engulfed in mutagenic fog.
The mutagenic energy flows into you.
You are engulfed in mutagenic fog.
The mutagenic energy flows into you.
You are engulfed in mutagenic fog.
The mutagenic energy flows into you.
You are engulfed in mutagenic fog.
The mutagenic energy flows into you.
Your body shudders with the violent release of wild energies!
The magical storm engulfs you!
You are poisoned.
Ouch! That really hurt!
You die...

########## #### ##### ##.........
# ##..# ###~~~### #.......... #
#...# ##~~~~~~~###..########
####...## ##~~.....~~##......###.
.##.....# #~~......0~~##......#..
#####.#####....0..0...######..#..
.........#....0#0#0....#......#..
.........'...000@0.....'.....###.
##########...0.#0#.....##########
#.#.#.#.###..0..0..0..###........
#'#'#'#'###....00.0...##.........
..........##.........###..#######
..........###.......## #.........
..........# ###...### ##........
#.........######'##### ##########
##........##0000...#.###....##...


There were no monsters in sight!

Action                   |  1- 3 |  4- 6 |  7- 9 | 10-12 | 13-15 | 16-18 || total
-------------------------+-------+-------+-------+-------+-------+-------++-------
Melee: Hand axe          |    99 |    77 |   482 |    71 |       |       ||   729
       Battleaxe         |       |       |       |   517 |       |       ||   517
       War axe           |       |       |       |    28 |       |       ||    28
       Executioner's axe |       |       |       |    36 |  1136 |  1035 ||  2207
Invok: Berserk           |       |     6 |     8 |     7 |    16 |     6 ||    43
       Burn Spellbooks   |       |       |     1 |     7 |     3 |     2 ||    13
       Trog's Hand       |       |       |       |     1 |     4 |     7 ||    12
       Brothers in Arms  |       |       |       |       |       |     2 ||     2
 Abil: Evoke Teleportati |       |       |       |       |    14 |       ||    14
       Evoke Flight      |       |       |       |       |     1 |       ||     1
Evoke: Wand              |       |       |       |       |     5 |    11 ||    16
  Use: Scroll            |       |       |    11 |    16 |    11 |    11 ||    49
       Potion            |       |       |       |     2 |     1 |    13 ||    16
 Stab: Distracted        |       |       |       |       |     1 |     1 ||     2
  Eat: Chunk             |     2 |     9 |    20 |    27 |    45 |    37 ||   140
       Beef jerky        |       |       |     1 |       |     5 |     2 ||     8
       Royal jelly       |       |       |     1 |     2 |     3 |     8 ||    14
       Pizza             |       |       |       |     1 |     8 |     1 ||    10
       Fruit             |       |       |       |       |     3 |       ||     3
       Meat ration       |       |       |       |       |     1 |     2 ||     3
       Bread ration      |       |       |       |       |       |     2 ||     2

Notes
Turn   | Place    | Note
--------------------------------------------------------------
     0 | D:1      | Duffy the Minotaur Berserker began the quest for the Orb.
     0 | D:1      | Reached XP level 1. HP: 19/19 MP: 0/0
   148 | D:1      | Reached XP level 2. HP: 26/26 MP: 1/1
  1039 | D:2      | Found an iron altar of Okawaru.
  1048 | D:2      | Reached skill level 3 in Armour
  1052 | D:2      | Reached XP level 3. HP: 33/33 MP: 2/2
  1065 | D:2      | Reached skill level 4 in Fighting
  1065 | D:2      | Reached skill level 4 in Axes
  1275 | D:2      | Reached ** piety under Trog
  1348 | D:2      | Reached skill level 3 in Dodging
  1816 | D:2      | Reached XP level 4. HP: 40/40 MP: 3/3
  1936 | D:3      | Reached skill level 5 in Axes
  1937 | D:3      | Reached XP level 5. HP: 46/46 MP: 4/4
  2368 | D:4      | Reached skill level 4 in Dodging
  2369 | D:4      | Reached skill level 4 in Armour
  2369 | D:4      | Reached XP level 6. HP: 53/53 MP: 5/5
  2485 | D:4      | Found a staircase to the Ecumenical Temple.
  2559 | D:4      | Found a snail-covered altar of Cheibriados.
  2570 | D:4      | Reached skill level 6 in Axes
  2575 | D:4      | Reached *** piety under Trog
  3013 | D:5      | Entered Level 5 of the Dungeon
  3023 | D:5      | Reached skill level 5 in Fighting
  3023 | D:5      | Reached XP level 7. HP: 40/61 MP: 6/6
  3215 | D:4      | Reached skill level 7 in Axes
  3354 | D:4      | Reached skill level 5 in Armour
  3484 | D:4      | Noticed Crazy Yiuf
  3491 | D:4      | Killed Crazy Yiuf
  3491 | D:4      | Reached skill level 5 in Dodging
  3850 | D:5      | Noticed Eustachio
  3866 | D:4      | Killed Eustachio
  3866 | D:4      | Reached skill level 8 in Axes
  3866 | D:4      | Reached XP level 8. HP: 70/70 MP: 7/7
  4018 | D:5      | Noticed Pikel
  4040 | D:5      | Killed Pikel
  4040 | D:5      | Reached skill level 6 in Fighting
  4040 | D:5      | Reached skill level 9 in Axes
  4040 | D:5      | Reached skill level 6 in Armour
  4040 | D:5      | Reached skill level 6 in Dodging
  4089 | D:5      | Found a shimmering altar of Xom.
  4090 | D:5      | Found a sacrificial altar of Ru.
  4092 | D:5      | Noticed Sigmund
  4100 | D:5      | Killed Sigmund
  4162 | D:5      | Found an opulent altar of Gozag.
  4403 | D:5      | Killed an unseen horror
  4403 | D:5      | Reached skill level 7 in Fighting
  4403 | D:5      | Reached skill level 7 in Armour
  4403 | D:5      | Reached XP level 9. HP: 49/79 MP: 8/8
  4585 | D:5      | Reached skill level 10 in Axes
  4679 | D:5      | Noticed Prince Ribbit
  4699 | D:5      | Killed Prince Ribbit
  5029 | D:5      | Reached **** piety under Trog
  5035 | D:5      | Reached skill level 7 in Dodging
  5101 | D:6      | Reached skill level 8 in Fighting
  5101 | D:6      | Reached skill level 8 in Armour
  5103 | D:6      | Reached skill level 11 in Axes
  5390 | D:6      | Found Rygac's Distillery.
  5398 | D:6      | Bought a potion of haste for 110 gold pieces
  5398 | D:6      | Bought a potion of degeneration for 11 gold pieces
  5398 | D:6      | Bought a potion of lignification for 33 gold pieces
  5398 | D:6      | Bought a potion of cancellation for 88 gold pieces
  5398 | D:6      | Bought a potion of might for 44 gold pieces
  5420 | D:6      | Found a sparkling altar of Nemelex Xobeh.
  5508 | D:6      | Found Peogo's Armour Emporium.
  5601 | D:6      | Found a glowing drain.
  5626 | Sewer    | Entered a sewer
  5934 | Sewer    | Received a gift from Trog
  5948 | Sewer    | Reached ***** piety under Trog
  6788 | D:6      | Found a shattered altar of Ashenzari.
  6874 | D:6      | Bought a potion of flight for 33 gold pieces
  6891 | D:7      | Reached XP level 10. HP: 88/88 MP: 9/9
  7188 | D:7      | Found a sand-covered staircase.
  7197 | Ossuary  | Entered an ossuary
  7552 | D:7      | Reached skill level 8 in Dodging
  7760 | D:7      | Reached skill level 12 in Axes
  8199 | D:8      | Noticed a griffon
  8207 | D:8      | Killed a griffon
  8207 | D:8      | Reached skill level 13 in Axes
  8887 | D:9      | Reached skill level 14 in Axes
  9099 | D:9      | Found an oddly glowing altar of Pakellas.
  9134 | D:9      | Reached XP level 11. HP: 95/95 MP: 10/10
  9267 | D:6      | Bought a +0 pair of gloves of dexterity for 172 gold pieces
  9326 | D:8      | Received a gift from Trog
  9674 | D:10     | Entered Level 10 of the Dungeon
 10012 | D:10     | Noticed a hill giant
 10021 | D:10     | Killed a hill giant
 10021 | D:10     | Reached skill level 15 in Axes
 10066 | D:10     | Noticed a hill giant
 10074 | D:10     | Killed a hill giant
 10330 | D:10     | Killed an unseen horror
 10684 | D:11     | Found an oddly glowing altar of Pakellas.
 10703 | D:11     | Reached skill level 9 in Armour
 10778 | D:11     | Reached skill level 9 in Fighting
 10813 | D:11     | Noticed Oleczek's ghost (novice GrFi)
 10824 | D:11     | Killed Oleczek's ghost
 11284 | D:11     | Reached skill level 9 in Dodging
 11302 | D:11     | Reached skill level 16 in Axes
 11416 | D:11     | Received a gift from Trog
 11539 | D:11     | Received a gift from Trog
 11540 | D:11     | Found a staircase to the Lair.
 11656 | D:11     | Reached XP level 12. HP: 96/106 MP: 11/11
 11702 | D:11     | Reached skill level 10 in Armour
 11703 | D:11     | Noticed a centaur warrior
 11713 | D:11     | Killed a centaur warrior
 11713 | D:11     | Reached skill level 10 in Fighting
 12389 | D:12     | Received a gift from Trog
 12421 | D:12     | Found a staircase to the Orcish Mines.
 12841 | Lair:1   | Entered Level 1 of the Lair of Beasts
 13054 | Lair:1   | Reached skill level 10 in Dodging
 13951 | Lair:2   | Noticed a five-headed hydra
 13963 | Lair:2   | Killed a seven-headed hydra
 13963 | Lair:2   | Reached skill level 17 in Axes
 14256 | Lair:2   | Reached skill level 11 in Armour
 14391 | Lair:2   | Reached skill level 11 in Fighting
 14824 | Lair:3   | Received a gift from Trog
 15186 | Lair:3   | Reached XP level 13. HP: 20/116 MP: 4/12
 15510 | Lair:3   | Noticed Sonja
 15533 | Lair:3   | Killed Sonja
 16061 | Lair:3   | Found a staircase to the Snake Pit.
 16184 | Lair:3   | Received a gift from Trog
 16591 | Lair:4   | Found a snail-covered altar of Cheibriados.
 17248 | Lair:5   | Reached skill level 18 in Axes
 17490 | Lair:5   | Reached skill level 11 in Dodging
 17593 | Lair:5   | Reached skill level 12 in Armour
 17707 | Lair:5   | Reached skill level 12 in Fighting
 17895 | Lair:5   | Reached ****** piety under Trog
 18039 | Lair:5   | Received a gift from Trog
 19281 | Lair:6   | Reached skill level 19 in Axes
 19691 | Lair:6   | Found a staircase to the Shoals.
 19970 | Lair:7   | Found a labyrinth entrance.
 20005 | Lab      | Entered a labyrinth
 21637 | Lab      | Reached XP level 14. HP: 126/126 MP: 4/13
 22018 | Lair:7   | Reached skill level 20 in Axes
 22664 | Lair:7   | Received a gift from Trog
 23189 | Lair:7   | Reached skill level 21 in Axes
 23778 | Lair:8   | Entered Level 8 of the Lair of Beasts
 24833 | Lair:8   | Reached skill level 22 in Axes
 25678 | Lair:8   | Received a gift from Trog
 25925 | Lair:8   | Noticed Rupert
 25936 | Lair:8   | Killed Rupert
 25936 | Lair:8   | Reached XP level 15. HP: 132/132 MP: 4/14
 26151 | Lair:8   | Found a viscous altar of Jiyva.
 26152 | Lair:8   | Found a staircase to the Slime Pits.
 26381 | Lair:8   | Paralysed by a wizard for 6 turns
 26487 | Lair:8   | Found a burning altar of Makhleb.
 26612 | Lair:8   | Reached skill level 23 in Axes
 26866 | Lair:8   | Found a gateway to Hell.
 27827 | D:13     | Found a gate to the Vaults.
 28207 | D:13     | Received a gift from Trog
 28503 | D:13     | Reached skill level 24 in Axes
 28690 | D:14     | Received a gift from Trog
 28738 | D:14     | Found Qothroeke's Antique Weapon Emporium.
 28763 | D:14     | Found a glowing silver altar of Zin.
 28763 | D:14     | Found a runed door.
 28787 | D:14     | Found a frozen archway.
 28905 | IceCv    | Entered an ice cave
 30264 | D:15     | Entered Level 15 of the Dungeon
 30475 | Orc:1    | Entered Level 1 of the Orcish Mines
 30482 | Orc:1    | Noticed Erolcha
 30496 | Orc:1    | Killed Erolcha
 30496 | Orc:1    | Received a gift from Trog
 30512 | Orc:1    | Found a dark tunnel.
 30521 | Volcano  | Entered a volcano
 30767 | Orc:1    | Noticed Nergalle
 30773 | Orc:1    | Killed Nergalle
 31346 | Orc:2    | Received a gift from Trog
 31346 | Orc:2    | Reached XP level 16. HP: 120/139 MP: 5/15
 31718 | Orc:2    | Reached skill level 25 in Axes
 31978 | Orc:3    | Found a roughly hewn altar of Beogh.
 32417 | Orc:3    | Noticed Josephine
 32423 | Orc:3    | Killed Josephine
 32483 | Orc:3    | Received a gift from Trog
 32859 | Orc:4    | Entered Level 4 of the Orcish Mines
 32886 | Orc:4    | Found Geakuny's Antique Armour Shop.
 32910 | Orc:4    | Found a roughly hewn altar of Beogh.
 32975 | Orc:4    | Found a staircase to the Elven Halls.
 34197 | Orc:4    | Received a gift from Trog
 34224 | Orc:4    | Found Cybec's Antique Weapon Shop.
 34224 | Orc:4    | Found Fitsusm's Magic Scroll Shop.
 34225 | Orc:4    | Found Ugraedagh's Antique Armour Shoppe.
 34225 | Orc:4    | Found Telet's Gadget Shoppe.
 34324 | Orc:4    | Bought a scroll of enchant weapon for 75 gold pieces
 34325 | Orc:4    | Bought a scroll of identify for 20 gold pieces
 34325 | Orc:4    | Bought a scroll of identify for 20 gold pieces
 34325 | Orc:4    | Bought a scroll of recharging for 95 gold pieces
 34325 | Orc:4    | Bought a scroll of teleportation for 30 gold pieces
 34325 | Orc:4    | Bought a scroll of identify for 20 gold pieces
 34325 | Orc:4    | Bought 3 scrolls of recharging for 285 gold pieces
 34325 | Orc:4    | Bought a scroll of teleportation for 30 gold pieces
 34335 | Orc:4    | Bought a pair of warped boots for 313 gold pieces
 34336 | Orc:4    | Identified the +0 pair of boots of Pride {Regen+ MP+9} (You bought it in a shop on level 4 of the Orcish Mines)
 34374 | Orc:4    | Bought a pair of glowing gloves for 148 gold pieces
 34611 | D:6      | Bought the +9 plate armour "Bodar" {rN+ rCorr Dex+4} for 1398 gold pieces
 34638 | D:6      | Bought a potion of haste for 110 gold pieces
 34638 | D:6      | Bought a potion of heal wounds for 55 gold pieces
 34802 | Snake:1  | Entered Level 1 of the Snake Pit
 35039 | Snake:1  | Reached skill level 26 in Axes
 35575 | Snake:2  | Found a sacrificial altar of Ru.
 36217 | Snake:2  | Received a gift from Trog
 36786 | Snake:3  | Noticed Saint Roka
 36788 | Snake:3  | Reached skill level 13 in Fighting
 36792 | Snake:3  | Reached skill level 13 in Armour
 36796 | Snake:3  | Reached skill level 12 in Dodging
 36809 | Snake:3  | Killed Saint Roka
 36809 | Snake:3  | Reached XP level 17. HP: 5/150 MP: 0/16
 36843 | Snake:4  | Entered Level 4 of the Snake Pit
 37053 | Snake:3  | Found a shimmering altar of Xom.
 37200 | Snake:3  | Noticed Kirke
 37213 | Snake:3  | Killed Kirke
 37907 | Snake:4  | Reached skill level 14 in Fighting
 37937 | Snake:4  | Reached skill level 14 in Armour
 37973 | Snake:4  | Reached skill level 13 in Dodging
 38254 | Snake:4  | Received a gift from Trog
 39077 | Elf:1    | Entered Level 1 of the Elven Halls
 39189 | Elf:1    | Received a gift from Trog
 39387 | Elf:1    | Found Vusoemad's Jewellery Emporium.
 39476 | Elf:1    | Reached skill level 15 in Fighting
 39705 | Elf:1    | Received a gift from Trog
 39973 | Elf:2    | Reached skill level 14 in Dodging
 39973 | Elf:2    | Reached skill level 15 in Armour
 40020 | Elf:3    | Entered Level 3 of the Elven Halls
 40028 | Elf:3    | Reached XP level 18. HP: 158/163 MP: 8/17
 40037 | Elf:3    | Found a magical portal.
 40055 | WizLab   | Entered Cigotuvi's Fleshworks
 40192 | WizLab   | Paralysed by a hornet for 4 turns
 40740 | WizLab   | Gained mutation: Your system is resistant to poisons. [potion of mutation]
 40740 | WizLab   | Gained mutation: Armour fits poorly on your strangely shaped body. [potion of mutation]
 40740 | WizLab   | Gained mutation: You are clumsy. (Dex -2) [potion of mutation]
 40741 | WizLab   | Gained mutation: You have supernaturally acute eyesight. [potion of mutation]
 40741 | WizLab   | Gained mutation: You are robust (+10% HP). [potion of mutation]
 40742 | WizLab   | Gained mutation: You are partially covered in rugged brown scales (AC +1, +3% HP). [potion of mutation]
 40742 | WizLab   | Gained mutation: Your spells are a little easier to cast, but a little less powerful. [potion of mutation]
 40742 | WizLab   | Gained mutation: You are covered in fur (AC +1). [potion of mutation]
 40743 | WizLab   | Lost mutation: You are clumsy. (Dex -2) [potion of mutation]
 40743 | WizLab   | Gained mutation: Your mind is acute. (Int +2) [potion of mutation]
 40743 | WizLab   | Gained mutation: You are weak. (Str -2) [potion of mutation]
 40744 | WizLab   | Gained mutation: You are resistant to electric shocks. [potion of mutation]
 40745 | WizLab   | Lost mutation: You are robust (+10% HP). [potion of mutation]
 40746 | WizLab   | Gained mutation: You are occasionally teleported next to monsters. [potion of mutation]
 40746 | WizLab   | Lost mutation: Your mind is acute. (Int +2) [potion of mutation]
 40747 | WizLab   | Lost mutation: Armour fits poorly on your strangely shaped body. [potion of mutation]
 40747 | WizLab   | Gained mutation: You are partially covered in iridescent scales (AC +4). [potion of mutation]
 40747 | WizLab   | Gained mutation: Armour fits poorly on your strangely shaped body. [potion of mutation]
 40748 | WizLab   | Gained mutation: You are dopey. (Int -2) [potion of mutation]
 40748 | WizLab   | Gained mutation: You are partially covered in molten scales (AC +1). [potion of mutation]
 40749 | WizLab   | Gained mutation: You are very weak. (Str -4) [potion of mutation]
 40749 | WizLab   | Lost mutation: Your system is resistant to poisons. [potion of mutation]
 40750 | WizLab   | Lost mutation: You are dopey. (Int -2) [potion of mutation]
 40799 | WizLab   | Gained mutation: Your body sometimes deteriorates upon taking damage. [mutagenic meat]
 40801 | WizLab   | Lost mutation: You are partially covered in rugged brown scales (AC +1, +3% HP). [mutagenic meat]
 40872 | WizLab   | Lost mutation: Your body sometimes deteriorates upon taking damage. [mutagenic meat]
 40873 | WizLab   | Gained mutation: Your natural rate of healing is unusually fast. [mutagenic meat]
 40875 | WizLab   | Gained mutation: Your body sometimes deteriorates upon taking damage. [mutagenic meat]
 40918 | WizLab   | Reached skill level 16 in Fighting
 40937 | WizLab   | Gained mutation: You are partially covered in rugged brown scales (AC +1, +3% HP). [mutagenic meat]
 40942 | WizLab   | Lost mutation: Your natural rate of healing is unusually fast. [mutagenic meat]
 40975 | WizLab   | Received a gift from Trog
 41005 | WizLab   | Gained mutation: You are resistant to hostile enchantments. [mutagenic meat]
 41028 | WizLab   | Gained mutation: You are frail (-10% HP). [mutagenic glow]
 41054 | WizLab   | Gained mutation: You expend magic power (3 MP) to strengthen your wands. [mutagenic glow]
 41084 | WizLab   | Gained mutation: Your body often deteriorates upon taking damage. [mutagenic glow]
 41140 | WizLab   | Gained mutation: You occasionally shout uncontrollably at your foes. [mutagenic glow]
 41181 | WizLab   | Gained mutation: Your spells are easier to cast, but less powerful. [mutagenic glow]
 41225 | WizLab   | Gained mutation: You are clumsy. (Dex -2) [mutagenic glow]
 41338 | WizLab   | Lost mutation: You are very weak. (Str -4) [mutagenic glow]
 41377 | WizLab   | Gained mutation: You tend to lose your temper in combat. [mutagenic glow]
 41436 | WizLab   | Lost mutation: You have supernaturally acute eyesight. [mutagenic glow]
 41491 | WizLab   | Gained mutation: You are very frail (-20% HP). [mutagenic glow]
 41515 | WizLab   | Gained mutation: Your spells are much easier to cast, but much less powerful. [mutagenic glow]
 41687 | WizLab   | Gained mutation: You sometimes yell uncontrollably at your foes. [mutagenic glow]
 41719 | WizLab   | Gained mutation: You frequently scream uncontrollably at your foes. [mutagenic glow]
 41745 | WizLab   | Gained mutation: You often lose your temper in combat. [mutagenic glow]
 41768 | WizLab   | Gained mutation: You are very clumsy. (Dex -4) [mutagenic glow]
 41937 | WizLab   | Gained mutation: You are extremely frail (-30% HP). [mutagenic glow]
 41967 | WizLab   | Gained mutation: You are very weak. (Str -4) [mutagenic glow]
 41999 | WizLab   | Gained mutation: Your magical capacity is low (-10% MP). [mutagenic glow]
 42032 | WizLab   | Gained mutation: Your magical capacity is very low (-20% MP). [mutagenic glow]
 42056 | WizLab   | Gained mutation: Scrolls take you a little longer to read. [mutagenic glow]
 42125 | WizLab   | Gained mutation: You are dopey. (Int -2) [mutagenic glow]
 42149 | WizLab   | Gained mutation: Scrolls take you longer to read. [mutagenic glow]
 42289 | WizLab   | Lost mutation: You are dopey. (Int -2) [mutagenic glow]
 42406 | WizLab   | Gained mutation: Scrolls take you much longer to read. [mutagenic glow]
 42433 | WizLab   | Gained mutation: You are dopey. (Int -2) [mutagenic glow]
 42473 | WizLab   | Gained mutation: You regenerate slowly when monsters are visible. [mutagenic glow]
 42533 | WizLab   | Lost intelligence.
 42533 | WizLab   | Gained mutation: You are very dopey. (Int -4) [mutagenic glow]
 42557 | WizLab   | Lost mutation: Your spells are much easier to cast, but much less powerful. [mutagenic glow]
 42579 | WizLab   | Gained mutation: Your spells are much easier to cast, but much less powerful. [mutagenic glow]
 42604 | WizLab   | Gained mutation: You have an uncontrollable temper. [mutagenic glow]
 42639 | WizLab   | Gained mutation: You are sometimes teleported next to monsters. [mutagenic glow]
 42668 | WizLab   | Lost mutation: You regenerate slowly when monsters are visible. [mutagenic glow]
 42702 | WizLab   | Gained mutation: You are often teleported next to monsters. [mutagenic glow]
 42734 | WizLab   | Gained mutation: Your magical capacity is extremely low (-30% MP). [mutagenic glow]
 42754 | WizLab   | Gained mutation: You regenerate slowly when monsters are visible. [mutagenic glow]
 43051 | WizLab   | Lost mutation: You regenerate slowly when monsters are visible. [mutagenic glow]
 43072 | WizLab   | Lost mutation: You have an uncontrollable temper. [mutagenic glow]
 43091 | WizLab   | Gained mutation: Potions and wands are less effective at restoring your health. [mutagenic glow]
 43114 | WizLab   | Gained mutation: Potions and wands are poor at restoring your health. [mutagenic glow]
 43153 | WizLab   | Lost mutation: Potions and wands are poor at restoring your health. [mutagenic glow]
 43188 | WizLab   | Killed by a magical explosion

Vault maps used:
D:1:      kilobyte_arrival_exit_the_forest
D:2:      okawaru_metal_pillars_3
D:4:      lemuel_crystal_altar, minmay_temple_entry_statues, first_bread,
          minmay_misc_feat_plants, minmay_misc_feat_ornament,
          uniq_crazy_yiuf_cottage
D:5:      nicolae_gozag_seed_capital, grunt_temple_overflow_open,
          serial_corexii_hall, corexii_hall_statues_x, corexii_hall_statues_i,
          kennysheep_cross_room, grunt_decor_cap, uniq_pikel,
          uniq_prince_ribbit1, uniq_sigmund, uniq_eustachio
D:6:      kennysheep_mini, evilmike_ruin_ashenzari, gup_sewer_entry_glass,
          serial_shops, shop, nicolae_shop_stone
D:7:      lightli_ossuary_entry_decrepit_ruins
D:8:      minmay_distorted_concentric_squares
D:9:      lemuel_coloured_pillars_altar
D:11:     minmay_lair_entry_grove, grunt_pizzeria, grunt_pakellas_mercury
D:12:     hiddenorc1_lemuel
D:13:     lightli_vaults_fourway_checkpoint
D:14:     serial_bayou_lagoon_a, portal_ice_cave_entry_ice_statue_02,
          serial_shops, nicolae_shop_behind_doors, lemuel_angel_altar
D:15:     hangedman_slaughterboxes, uniq_urug
Lair:1:   st_stairs_5
Lair:2:   grunt_megastairs_2
Lair:3:   minmay_snake_entry_guardpost_medium, special_room, uniq_sonja
Lair:4:   st_stairs_11, nicolae_quartered_pool_medium, kennysheep_snail_temple
Lair:5:   statuecave_lemuel
Lair:6:   elwin_shoals_entry_rooms, minmay_holes, serial_bayou_lake_a
Lair:7:   beast_lair_carwin_large_4, lab_entry_generic, minivault_11,
          dpeg_oklob_1, infiniplex_staircase_pool
Lair:8:   evil_forest, dpeg_slime_entry_enclosed_altar,
          grunt_forest_large_clearings, grunt_megastairs_4,
          serial_bayou_shore_b, uniq_rupert
Snake:2:  basic_altar
Snake:3:  basic_altar, stair_cage_wide, lemuel_fruit_tree, serial_bayou_shore_b,
          serial_bayou_shore_a, grunt_megastairs_3, uniq_kirke, uniq_saint_roka
Snake:4:  snake_pit_salamanders_mu
Orc:1:    enter_volcano_1, uniq_nergalle, uniq_erolcha
Orc:2:    cheibrodos_orc_bank, nicolae_orc_crystal_geode
Orc:3:    basic_altar, nicolae_orc_pool_cavern, minmay_orc_barracks,
          uniq_josephine
Orc:4:    st_orc_elflike, serial_shops, shop, basic_altar
Elf:1:    eino_elf_arrival_sip, serial_shops, shop, evilmike_minifort,
          billiards_dpeg
Elf:2:    serial_shops, shop, uniq_jorgrun
Elf:3:    minmay_elf_hall_circle, infiniplex_enter_wizlab_glasses, minivault_27,
          lemuel_blue_sif_altar, basic_stair_grate_trap
Lab:      nicolae_lab_big_swirl, labyrinth_lava_lair, nicolae_lab_grate,
          lab_hedge, labyrinth_skeletal_remains, nicolae_lab_dead_end,
          lab_fountain, nicolae_lab_blocks
Sewer:    sewer_co_scattered_pipes
Ossuary:  ossuary_due_cavern
IceCv:    ice_cave_statue_garden_01
Volcano:  volcano_caves
WizLab:   wizlab_cigotuvi

Vanquished Creatures
  Saint Roka
  A tentacled monstrosity Rupert Kirke
  An orc warlord
  4 greater nagas
  An angel
  7 very ugly things
  A deep elf annihilator
  4 vault guards Josephine
  A great orb of eyes (shapeshifter)
  A minotaur
  7 naga warriors
  6 hydras
  10 anacondas Erolcha
  5 centaur warriors
  10 death yaks
  4 orc high priests
  The ghost of Oleczek the Fighter, a novice GrFi of Okawaru
  16 naga sharpshooters
  A sun demon
  6 deep elf knights
  A fire crab Sonja
  A salamander mystic
  An iron golem
  7 shock serpents Nergalle
  A wizard
  5 unseen horrors
  7 hill giants Pikel
  3 deep elf summoners
  3 sea snakes
  7 naga ritualists
  9 deep elf conjurers
  10 mana vipers
  5 orc knights
  17 ugly things
  2 manticores
  2 hornets (shapeshifter)
  A wolf spider zombie
  6 orc sorcerers
  A water nymph (shapeshifter)
  An octopode (shapeshifter)
  A manticore (shapeshifter)
  4 griffons
  9 slime creatures
  2 centaur zombies
  A sixfirhy
  9 salamanders
  A faun
  4 ice statues
  2 cyclopes
  19 elephants
  A black mamba (shapeshifter)
  2 guardian serpents
  53 black mambas
  An eye of devastation (shapeshifter)
  A siren
  13 naga magi
  5 torpor snails
  A gargoyle
  14 spiny frogs
  4 orange demons
  A yaktaur (shapeshifter)
  10 komodo dragons
  6 fire drakes
  A hellwing
  A freezing wraith
  4 ice devils
  2 elves
  5 yaktaurs
  2 red devils
  A jumping spider (shapeshifter)
  A queen bee
  3 two-headed ogres
  A queen bee (shapeshifter)
  A merfolk (shapeshifter)
  5 deep elf priests
  8 trolls Prince Ribbit
  A slime creature (shapeshifter)
  6 blink frogs
  A blink frog (shapeshifter)
  A hornet zombie
  A wind drake (shapeshifter)
  A boulder beetle
  2 trapdoor spiders
  A water elemental Sigmund
  A hungry ghost
  A human (shapeshifter)
  A fire elemental
  4 wyverns
  8 wraiths
  91 yaks
  A shadow
  14 deep elf fighters
  10 deep elf magi Eustachio
  A tarantella (shapeshifter)
  3 hogs
  A hog (shapeshifter)
  12 hippogriffs
  8 vampire mosquitoes
  A basilisk (shapeshifter)
  4 humans
  A golden eye (shapeshifter)
  8 basilisks
  4 wargs
  30 nagas
  8 wolves
  A soldier ant (shapeshifter)
  A warg (shapeshifter)
  14 water moccasins
  A mottled dragon
  48 orc warriors
  9 porcupines
  10 ice beasts
  2 ice beasts (shapeshifter)
  2 wasps
  3 slaves
  13 ogres
  An ogre (shapeshifter)
  6 phantoms
  7 large abominations
  3 sky beasts
  4 black bears
  An eye of draining (shapeshifter)
  9 centaurs
  20 giant frogs
  A big kobold
  19 crocodiles
  2 gnoll sergeants
  A wyvern zombie
  2 earth elementals
  6 scorpions
  7 electric eels
  26 killer bees
  A quasit
  21 wights
  8 jellies
  35 orc priests
  9 small abominations
  5 crimson imps
  10 hounds Crazy Yiuf
  2 giant frog zombies
  4 lava snakes
  4 centaur skeletons
  3 giant frog skeletons
  15 worker ants
  8 iguanas
  42 orc wizards
  13 sheep
  2 hound zombies
  A worker ant zombie
  9 adders
  19 gnolls
  57 river rats
  5 shadow imps
  4 giant eyeballs
  2 oozes
  An adder zombie
  2 worms
  An adder skeleton
  6 giant geckos
  177 orcs
  5 giant cockroaches
  10 goblins
  13 hobgoblins
  7 jackals
  16 kobolds
  5 ball pythons
  A ball python skeleton
  7 bats
  A giant gecko skeleton
  7 giant newts
  A jackal zombie
  A kobold zombie
  2 orc skeletons
  2 orc zombies
  2 quokkas
  10 rats
  2 bushes
  67 fungi
  48 plants
1506 creatures vanquished.
